| TOP OF THE 1ST |
|
Corpus Christi Hooks batting - Pitching for Portland Sea Dogs : RHP Jon Olivo
|
|
Pitching: RHP Jon Olivo
|
|
|
Batting: LHB Kelvin Jones
|
0-0: Ball 1-0: Ball 2-0: Called Strike 2-1: Foul Ball, location: 2F 2-2: Foul Ball, location: 2F 2-2: SINGLE (Groundball, 25, EV 65.6 MPH) (infield hit)
|
|
Batting: RHB Workneh Lagat
|
0-0: Ball Kelvin Jones is caught stealing 2nd base 2-4 1-0: Called Strike 1-1: Fly out, F7 (Flyball, 7S, EV 90.6 MPH)
|
|
Batting: RHB Elijah Hunter
|
0-0: Swinging Strike 0-1: Ball 1-1: Ball 2-1: Swinging Strike 2-2: Ball 3-2: Strikes out swinging
|
| Top of the 1st over - 0 runs, 1 hit, 0 errors, 0 left on base; Corpus Christi 0 - Portland 0 |
| BOTTOM OF THE 1ST |
|
Portland Sea Dogs batting - Pitching for Corpus Christi Hooks : RHP Josh Holloway
|
|
Pitching: RHP Josh Holloway
|
|
|
Batting: RHB Matt Hinkle
|
0-0: Ball 1-0: Foul Ball, location: 2F 1-1: Ground out U3 (Groundball, 3, EV 110.0 MPH)
|
|
Batting: LHB Julian Toney
|
0-0: Ball 1-0: Ball 2-0: Ball 3-0: Swinging Strike 3-1: Called Strike 3-2: Base on Balls
|
|
Batting: LHB Noel Young
|
0-0: Called Strike 0-1: Foul Ball, location: 2F 0-2: Strikes out swinging
|
|
Batting: RHB Carlos Nolasco
|
0-0: Foul Ball, location: 2F 0-1: Called Strike Julian Toney is caught stealing 2nd base 2-4
|
| Bottom of the 1st over - 0 runs, 0 hits, 0 errors, 0 left on base; Corpus Christi 0 - Portland 0 |
| TOP OF THE 2ND |
|
Corpus Christi Hooks batting - Pitching for Portland Sea Dogs : RHP Jon Olivo
|
|
Batting: RHB Bruce Bermudez
|
0-0: Fly out, F9 (Line Drive, 89M, EV 86.9 MPH)
|
|
Batting: SHB Paskar Adegoke
|
0-0: Fly out, F9 (Flyball, 9LSF, EV 100.6 MPH)
|
|
Batting: RHB Sam Spohn
|
0-0: Ball 1-0: Ball 2-0: Fly out, F9 (Flyball, 9LS, EV 88.8 MPH)
|
| Top of the 2nd over - 0 runs, 0 hits, 0 errors, 0 left on base; Corpus Christi 0 - Portland 0 |
| BOTTOM OF THE 2ND |
|
Portland Sea Dogs batting - Pitching for Corpus Christi Hooks : RHP Josh Holloway
|
|
Batting: RHB Carlos Nolasco
|
0-0: Swinging Strike 0-1: Swinging Strike 0-2: Ball 1-2: Strikes out looking
|
|
Batting: RHB Tommy Boudreaux
|
0-0: Called Strike 0-1: Ground out 6-3 (Groundball, 6D, EV 101.2 MPH)
|
|
Batting: RHB John Chiesa
|
0-0: Called Strike 0-1: Ball 1-1: Ball 2-1: Foul Ball, location: 2F 2-2: Foul Ball, location: 2F 2-2: Fly out, F9 (Flyball, 9D, EV 100.6 MPH)
|
| Bottom of the 2nd over - 0 runs, 0 hits, 0 errors, 0 left on base; Corpus Christi 0 - Portland 0 |
| TOP OF THE 3RD |
|
Corpus Christi Hooks batting - Pitching for Portland Sea Dogs : RHP Jon Olivo
|
|
Batting: RHB Masaru Konno
|
0-0: SINGLE (Groundball, 6MD, EV 107.5 MPH)
|
|
Batting: RHB Ryan Salas
|
0-0: Fly out, F9 (Flyball, 9LD, EV 108.8 MPH)
|
|
Batting: LHB Vinny Siebecker
|
0-0: Ball 1-0: SINGLE (Groundball, 4MD, EV 103.1 MPH) Masaru Konno to second
|
|
Batting: LHB Kelvin Jones
|
0-0: Foul Ball, location: 2F 0-1: Ball 1-1: Ball 2-1: Ball 3-1: Called Strike 3-2: Ground out U3 (Groundball, 34S, EV 63.1 MPH) Masaru Konno to third Vinny Siebecker to second
|
|
Batting: RHB Workneh Lagat
|
0-0: Swinging Strike 0-1: Ball 1-1: Foul Ball, location: 2F 1-2: Foul Ball, location: 2F 1-2: Strikes out swinging
|
| Top of the 3rd over - 0 runs, 2 hits, 0 errors, 2 left on base; Corpus Christi 0 - Portland 0 |
| BOTTOM OF THE 3RD |
|
Portland Sea Dogs batting - Pitching for Corpus Christi Hooks : RHP Josh Holloway
|
|
Batting: RHB Adugna Chandu
|
0-0: Called Strike 0-1: Called Strike 0-2: Strikes out swinging
|
|
Batting: RHB Nick Cottrell
|
0-0: Foul Ball, location: 2F 0-1: Ball 1-1: Called Strike 1-2: Strikes out swinging
|
|
Batting: RHB Pat Bulger
|
0-0: Ball 1-0: Foul Ball, location: 2F 1-1: Foul Ball, location: 2F 1-2: Strikes out looking
|
| Bottom of the 3rd over - 0 runs, 0 hits, 0 errors, 0 left on base; Corpus Christi 0 - Portland 0 |
| TOP OF THE 4TH |
|
Corpus Christi Hooks batting - Pitching for Portland Sea Dogs : RHP Jon Olivo
|
|
Batting: RHB Elijah Hunter
|
0-0: Ball 1-0: Ground out 6-3 (Groundball, 56, EV 99.4 MPH)
|
|
Batting: RHB Bruce Bermudez
|
0-0: Ball 1-0: Foul Ball, location: 2F 1-1: Called Strike 1-2: Ground out 6-3 (Groundball, 6S, EV 71.9 MPH)
|
|
Now at SS: Stanislav Parusov
|
|
|
Batting: SHB Paskar Adegoke
|
0-0: Ball 1-0: Reached via error on a dropped throw from 1B, E1 (Groundball, 34S, EV 89.4 MPH)
|
|
Batting: RHB Sam Spohn
|
0-0: Reached on error, E6 (Groundball, 56, EV 84.4 MPH) Paskar Adegoke to second
|
|
Batting: RHB Masaru Konno
|
0-0: Ball 1-0: Ground out 6-3 (Groundball, 6S, EV 70.0 MPH)
|
| Top of the 4th over - 0 runs, 0 hits, 2 errors, 2 left on base; Corpus Christi 0 - Portland 0 |
| BOTTOM OF THE 4TH |
|
Portland Sea Dogs batting - Pitching for Corpus Christi Hooks : RHP Josh Holloway
|
|
Batting: RHB Matt Hinkle
|
0-0: Ball 1-0: Swinging Strike 1-1: Foul Ball, location: 2F 1-2: Foul Ball, location: 2F 1-2: Ground out 6-3 (Groundball, 6, EV 103.1 MPH)
|
|
Batting: LHB Julian Toney
|
0-0: Ball 1-0: Ball 2-0: Foul Ball, location: 2F 2-1: Ball 3-1: Foul Ball, location: 2F 3-2: Foul Ball, location: 2F 3-2: Foul Ball, location: 2F 3-2: Ground out U3 (Groundball, 34, EV 88.1 MPH)
|
|
Batting: LHB Noel Young
|
0-0: Ball 1-0: Swinging Strike 1-1: Ball 2-1: Foul Ball, location: 2F 2-2: Strikes out swinging
|
| Bottom of the 4th over - 0 runs, 0 hits, 0 errors, 0 left on base; Corpus Christi 0 - Portland 0 |
| TOP OF THE 5TH |
|
Corpus Christi Hooks batting - Pitching for Portland Sea Dogs : RHP Jon Olivo
|
|
Batting: RHB Ryan Salas
|
0-0: Ball 1-0: Called Strike 1-1: Ball 2-1: Ball 3-1: Fly out, F9 (Flyball, 9D, EV 106.2 MPH)
|
|
Batting: LHB Vinny Siebecker
|
0-0: SINGLE (Line Drive, 7S, EV 109.4 MPH)
|
|
Batting: LHB Kelvin Jones
|
0-0: Called Strike 0-1: Ball 1-1: Ball 2-1: DOUBLE (Groundball, 5D, EV 94.4 MPH) Vinny Siebecker to third Runner from 3rd tries for Home, SAFE, throw by LF to home
|
|
Batting: RHB Workneh Lagat
|
0-0: Ball 1-0: Swinging Strike 1-1: Ball 2-1: Called Strike 2-2: Fly out, F8 (Flyball, 8LXD, EV 91.2 MPH) Runner from 2nd tags up, SAFE at 3rd, no throw by CF
|
|
Batting: RHB Elijah Hunter
|
0-0: Ball 1-0: Called Strike 1-1: SINGLE (Groundball, 56D, EV 108.8 MPH) Kelvin Jones scores
|
|
Batting: RHB Bruce Bermudez
|
0-0: Ball 1-0: Ground out 4-3 (Groundball, 4, EV 88.1 MPH)
|
| Top of the 5th over - 2 runs, 3 hits, 0 errors, 1 left on base; Corpus Christi 2 - Portland 0 |
| BOTTOM OF THE 5TH |
|
Portland Sea Dogs batting - Pitching for Corpus Christi Hooks : RHP Josh Holloway
|
|
Batting: RHB Carlos Nolasco
|
0-0: Ball 1-0: Called Strike 1-1: Called Strike 1-2: Strikes out swinging
|
|
Batting: RHB Tommy Boudreaux
|
0-0: Swinging Strike 0-1: Ground out 6-3 (Groundball, 6, EV 80.6 MPH)
|
|
Batting: RHB John Chiesa
|
0-0: Foul Ball, location: 2F 0-1: Ball 1-1: Called Strike 1-2: DOUBLE (Flyball, 89D, EV 90.6 MPH)
|
|
Batting: LHB Stanislav Parusov
|
0-0: Ball 1-0: Called Strike 1-1: Swinging Strike 1-2: Ball 2-2: Ball 3-2: Foul Ball, location: 2F 3-2: Foul Ball, location: 2F 3-2: Base on Balls
|
|
Batting: RHB Nick Cottrell
|
0-0: Called Strike 0-1: Foul Ball, location: 2F 0-2: Ball 1-2: Strikes out swinging
|
| Bottom of the 5th over - 0 runs, 1 hit, 0 errors, 2 left on base; Corpus Christi 2 - Portland 0 |
| TOP OF THE 6TH |
|
Corpus Christi Hooks batting - Pitching for Portland Sea Dogs : RHP Jon Olivo
|
|
Batting: SHB Paskar Adegoke
|
0-0: Foul Ball, location: 2F 0-1: Ball 1-1: Ball 2-1: Called Strike 2-2: Foul Ball, location: 2F 2-2: Ball 3-2: Ground out 4-3 (Groundball, 4D, EV 83.8 MPH)
|
|
Batting: RHB Sam Spohn
|
0-0: Ball 1-0: Fly out, F9 (Flyball, 9S, EV 90.6 MPH)
|
|
Batting: RHB Masaru Konno
|
0-0: Ball 1-0: Ball 2-0: Called Strike 2-1: Foul Ball, location: 2F 2-2: Foul Ball, location: 2F 2-2: Strikes out swinging
|
| Top of the 6th over - 0 runs, 0 hits, 0 errors, 0 left on base; Corpus Christi 2 - Portland 0 |
| BOTTOM OF THE 6TH |
|
Portland Sea Dogs batting - Pitching for Corpus Christi Hooks : RHP Josh Holloway
|
|
Batting: RHB Pat Bulger
|
0-0: Fly out, F4 (Flyball, 34D, EV 88.1 MPH)
|
|
Batting: RHB Matt Hinkle
|
0-0: Ground out 6-3 (Groundball, 6S, EV 81.2 MPH)
|
|
Batting: LHB Julian Toney
|
0-0: Foul Ball, location: 2F 0-1: SOLO HOME RUN (Flyball, 9D, EV 100.0 MPH), Distance : 385 ft
|
|
Batting: LHB Noel Young
|
0-0: Ball 1-0: Swinging Strike 1-1: Foul Ball, location: 2F 1-2: Ball 2-2: Ground out 4-3 (Groundball, 4, EV 105.0 MPH)
|
| Bottom of the 6th over - 1 run, 1 hit, 0 errors, 0 left on base; Corpus Christi 2 - Portland 1 |
| TOP OF THE 7TH |
|
Corpus Christi Hooks batting - Pitching for Portland Sea Dogs : RHP Jon Olivo
|
|
Batting: RHB Ryan Salas
|
0-0: SINGLE (Line Drive, 34D, EV 98.8 MPH)
|
|
Batting: LHB Vinny Siebecker
|
0-0: Ball 1-0: Called Strike 1-1: Foul Ball, location: 2F 1-2: Foul Ball, location: 2F 1-2: Ball 2-2: Strikes out looking
|
|
Batting: LHB Kelvin Jones
|
0-0: Ball 1-0: Ball 2-0: Called Strike 2-1: Fielders Choice at 2nd, 6-4 (Groundball, 6, EV 111.2 MPH)
|
|
Pitching: RHP Elliot Monroe
|
|
|
Batting: RHB Workneh Lagat
|
0-0: Foul Ball, location: 2F 0-1: Called Strike 0-2: Ball 1-2: Ground out 4-3 (Groundball, 4, EV 78.8 MPH)
|
| Top of the 7th over - 0 runs, 1 hit, 0 errors, 1 left on base; Corpus Christi 2 - Portland 1 |
| BOTTOM OF THE 7TH |
|
Portland Sea Dogs batting - Pitching for Corpus Christi Hooks : RHP Josh Holloway
|
|
Batting: RHB Carlos Nolasco
|
0-0: Called Strike 0-1: Ball 1-1: Ground out 6-3 (Groundball, 56, EV 90.0 MPH)
|
|
Batting: RHB Tommy Boudreaux
|
0-0: Fly out, F8 (Line Drive, 8RD, EV 86.9 MPH)
|
|
Batting: RHB John Chiesa
|
0-0: Called Strike 0-1: Ball 1-1: Called Strike 1-2: Strikes out swinging
|
| Bottom of the 7th over - 0 runs, 0 hits, 0 errors, 0 left on base; Corpus Christi 2 - Portland 1 |
| TOP OF THE 8TH |
|
Corpus Christi Hooks batting - Pitching for Portland Sea Dogs : RHP Elliot Monroe
|
|
Batting: RHB Elijah Hunter
|
0-0: Ball 1-0: Fly out, F4 (Popup, 4M, EV 66.9 MPH)
|
|
Batting: RHB Bruce Bermudez
|
0-0: Ground out 6-3 (Groundball, 6M, EV 89.4 MPH)
|
|
Batting: SHB Paskar Adegoke
|
0-0: Fly out, F8 (Flyball, 8LD, EV 95.0 MPH)
|
| Top of the 8th over - 0 runs, 0 hits, 0 errors, 0 left on base; Corpus Christi 2 - Portland 1 |
| BOTTOM OF THE 8TH |
|
Portland Sea Dogs batting - Pitching for Corpus Christi Hooks : RHP Josh Holloway
|
|
Batting: LHB Stanislav Parusov
|
0-0: Ground out 1-3 (Groundball, 34S, EV 71.9 MPH)
|
|
Batting: RHB Nick Cottrell
|
0-0: Foul Ball, location: 2F 0-1: Ball 1-1: Swinging Strike 1-2: Ball 2-2: Foul Ball, location: 2F 2-2: Ground out 4-3 (Groundball, 4, EV 91.9 MPH)
|
|
Batting: RHB Pat Bulger
|
0-0: Called Strike 0-1: Ball 1-1: Ball 2-1: Ball 3-1: Foul Ball, location: 2F 3-2: SINGLE (Line Drive, 89D, EV 105.0 MPH)
|
|
Pitching: RHP Tim Watson
|
|
|
Batting: RHB Matt Hinkle
|
0-0: Called Strike 0-1: Ball 1-1: Ground out 6-3 (Groundball, 6S, EV 77.5 MPH)
|
| Bottom of the 8th over - 0 runs, 1 hit, 0 errors, 1 left on base; Corpus Christi 2 - Portland 1 |
| TOP OF THE 9TH |
|
Corpus Christi Hooks batting - Pitching for Portland Sea Dogs : RHP Elliot Monroe
|
|
Pinch Hitting: LHB Bob Dietz
|
0-0: Ground out 4-3 (Groundball, 4M, EV 79.4 MPH)
|
|
Batting: RHB Masaru Konno
|
0-0: Ball 1-0: Called Strike 1-1: Ground out 5-3 (Groundball, 56S, EV 91.2 MPH)
|
|
Batting: RHB Ryan Salas
|
0-0: Foul Ball, location: 2F 0-1: Ball 1-1: Foul Ball, location: 2F 1-2: Ball 2-2: Ground out 4-3 (Groundball, 4, EV 83.1 MPH)
|
| Top of the 9th over - 0 runs, 0 hits, 0 errors, 0 left on base; Corpus Christi 2 - Portland 1 |
| BOTTOM OF THE 9TH |
|
Portland Sea Dogs batting - Pitching for Corpus Christi Hooks : RHP Tim Watson
|
|
Pitching: LHP Francisco de la Torre
|
|
|
Now at 1B: Jamie Jennings
|
|
|
Now at 3B: Steve Moore
|
|
|
Batting: LHB Julian Toney
|
0-0: Ball 1-0: Ball 2-0: Foul Ball, location: 2F 2-1: Ball 3-1: Foul Ball, location: 2F 3-2: Fly out, F9 (Flyball, 89M, EV 87.5 MPH)
|
|
Batting: RHB Mike Cavagnaro
|
0-0: Ball 1-0: Swinging Strike 1-1: Called Strike 1-2: Ball 2-2: Ball 3-2: Base on Balls
|
|
Batting: RHB Carlos Nolasco
|
0-0: Fly out, F7 (Flyball, 7, EV 81.9 MPH)
|
|
Batting: RHB Tommy Boudreaux
|
0-0: Called Strike 0-1: Ball 1-1: Ball 2-1: SINGLE (Line Drive, 78M, EV 105.0 MPH) Mike Cavagnaro to second
|
|
Batting: RHB John Chiesa
|
0-0: Fly out, F9 (Flyball, 9, EV 77.5 MPH)
|
| Bottom of the 9th over - 0 runs, 1 hit, 0 errors, 2 left on base; Corpus Christi 2 - Portland 1 |
|